 Dungeon Crawl Stone Soup version 0.17.0-15-g6d90897 (webtiles) character file.

12221 st0uf the Schismatic (level 11, 15/92 HPs)
             Began as a Demonspawn Abyssal Knight on Nov 9, 2015.
             Was an Elder of Lugonu.
             Quit the game on level 11 of the Dungeon on Nov 10, 2015.
             The game lasted 01:23:49 (11306 turns).

st0uf the Schismatic (Demonspawn Abyssal Knight)   Turns: 11306, Time: 01:23:49

Health: 15/92      AC: 18    Str: 17      XL:     11   Next: 59%
Magic:  0/20       EV: 11    Int: 13      God:    Lugonu [****..]
Gold:   713        SH:  6    Dex:  9 (12) Spells: 0 memorised, 10 levels left

rFire  + . .     SeeInvis .     k - +12 dagger of the Hills {freeze, Dex+3}
rCold  + . .     Clarity  .     a - +0 leather armour
rNeg   . . .     SustAt   .     z - +1 buckler
rPois  +         Gourm    .     g - +2 helmet
rElec  .         Spirit   +     F - +0 cloak
rCorr  +         Warding  .     r - +2 pair of gloves {archery}
rMut   .         Stasis   .     s - +0 pair of boots of the Dolphin {-Cast rF+ MR+++ Dex-3}
MR     +++..     NoCast   +     H - amulet of resist corrosion
Stlth  +.........               d - +4 ring of slaying
                                q - ring of protection from cold

@: extremely resistant to hostile enchantments, very unstealthy
A: talons 1, slimy green scales 3, powered by death 2, regeneration 1, evolution
1, magic shield, magic regeneration
a: Depart the Abyss, Bend Space, Banish, Corrupt, Renounce Religion


You were on level 11 of the Dungeon.
You worshipped Lugonu.
Lugonu was greatly pleased with you.
You were hungry.

You visited 2 branches of the dungeon, and saw 12 of its levels.
You visited the Abyss 1 time.
You also visited: Labyrinth.

You collected 713 gold pieces.

Inventory:

Hand Weapons
 k - the +12 dagger of the Hills (weapon) {freeze, Dex+3}
   (You found it in a labyrinth)

   It has been specially enchanted to freeze those struck by it, causing extra
   injury to most foes and up to half again as much damage against particularly
   susceptible opponents.
   It can also slow down cold-blooded creatures.
   It affects your dexterity (+3).
 Z - a +3 scimitar of flaming
Armour
 a - a +0 leather armour (worn)
 g - a +2 helmet (worn)
 r - a +2 pair of gloves of archery (worn)
 s - the +0 pair of boots of the Dolphin (worn) {-Cast rF+ MR+++ Dex-3}
   (You found it in a labyrinth)

   It affects your dexterity (-3).
   It protects you from fire.
   It affects your resistance to hostile enchantments.
   It prevents spellcasting.
 z - a +1 buckler (worn)
 E - a +0 pair of gloves
 F - a +0 cloak (worn)
Jewellery
 d - a +4 ring of slaying (right hand)
 q - a ring of protection from cold (left hand)
 D - an uncursed ring of teleportation
 H - an amulet of resist corrosion (around neck)
 L - an uncursed ring of wizardry
 O - an uncursed amulet of resist mutation
Wands
 l - a wand of teleportation (3)
 p - a wand of magic darts (12)
 t - a wand of enslavement (11)
 A - a wand of enslavement (17)
 G - a wand of enslavement (8)
 M - a wand of random effects (23)
 P - a wand of fireball (9)
 T - a wand of polymorph (12)
 V - a wand of disintegration (12)
 W - a wand of confusion (28)
 Y - a wand of digging (8)
Scrolls
 c - a scroll of recharging
 e - 2 scrolls of identify
 h - 5 scrolls of remove curse
 j - 4 scrolls of teleportation
 o - a scroll of amnesia
 B - a scroll of random uselessness
 K - 2 scrolls of blinking
 N - a scroll of immolation
 R - 2 scrolls of magic mapping
 S - a scroll of torment {unknown}
Potions
 n - 3 potions of brilliance
 u - a potion of lignification
 J - a potion of degeneration
 Q - a potion of agility
Books
 I - a book of the Dragon

   Spells                             Type                      Level
   a - Flame Tongue                   Conjuration/Fire             1
   b - Cause Fear                     Hexes                        4
   c - Bolt of Fire                   Conjuration/Fire             6
   d - Dragon Form                    Transmutation                7
   e - Dragon's Call                  Summoning                    9
 X - a book of Geomancy

   Spells                             Type                      Level
   a - Sandblast                      Earth                        1
   b - Stoneskin                      Transmutation/Earth          2
   c - Passwall                       Transmutation/Earth          3
   d - Stone Arrow                    Conjuration/Earth            3
   e - Petrify                        Transmutation/Earth          4
   f - Lee's Rapid Deconstruction     Earth                        5
Miscellaneous
 U - a box of beasts
Comestibles
 b - 7 bread rations
 f - 2 royal jellies
 i - 3 meat rations
 v - a beef jerky
 w - a slice of pizza
 x - a chunk of flesh
 C - 4 fruits


   Skills:
 + Level 10.5 Fighting
 + Level 9.5 Armour
 - Level 0.8 Dodging
 + Level 6.1 Shields
 - Level 1.7 Unarmed Combat
 + Level 12.8 Invocations


You had 10 spell levels left.
You didn't know any spells.

Dungeon Overview and Level Annotations

Branches:
Dungeon (11/15)            Temple (0/1) D:4            Lair (1/8) D:8
    Orc (0/4) D:11

Altars:
Cheibriados
Dithmenos
Elyvilon
Gozag
Makhleb
Okawaru
Qazlal
Trog
Vehumet
Xom
Zin

Annotations:
D:3 Sigmund
D:9 BLOAX's ghost, novice VSAs
D:11 oplop's ghost, journeyman MfIE; puimuR's ghost, novice DsBe
Lair:1 dorian's ghost, journeyman OgHu
Abyss:1 Pikel; Sonja


Innate Abilities, Weirdness & Mutations

You are completely covered in slimy green scales (AC +4, rPois).
You regenerate health from kills.
When hurt, damage is shared between your health and your magic reserves.
You regenerate magic rapidly.
You have sharp toenails.
Your natural rate of healing is unusually fast.
You evolve.


Message History

Deactivating autopickup; reactivate with Ctrl-A.
Oplop's ghost barely misses you.
You hit oplop's ghost but do no damage.
Oplop's ghost is severely damaged.
Oplop's ghost completely misses you.
You completely miss oplop's ghost.
Oplop's ghost is severely damaged.
Oplop's ghost hits you!
* * * LOW HITPOINT WARNING * * *
Oplop's ghost burns you.
* * * LOW HITPOINT WARNING * * *
Press: ? - help, Shift-Dir - straight line, f - oplop's ghost
Aim: oplop's ghost, wielding a weapon of flaming (severely damaged, protected by a disc of dense vapour, chance to defeat MR: 48%) Oplop's ghost resists with some effort.
You are feeling hungry.
You block oplop's ghost's attack.
You don't have enough magic at the moment.
Quiver which item? (- for none, * to show all) (? for menu, Esc to quit)
Okay, then.
Are you sure you want to abandon this character and quit the game? (Confirm with "yes".)

,,,,..y..###...# #.#
,,**#...y......# #.#
,,,,>..#.###y.Y# #.#
,,****,*,* ##..# #.#
,,****,*,* #Wy# #.#
,,,,,,,,,* #(.# #.#
*****,,*** #.{# #.#
* *,,######oo###.# *
*,,......{YW@..#
*****,*######YY#####
,,,,*,* #..# ,,,,,,*
#..##
***,***######...#
*,,,,,.........#
**,***########.# ***
#.# #.#


You could see an orc warrior, 3 ice beasts, oplop's ghost and an orc.

Vanquished Creatures
  Erolcha (D:9)
  Erica (D:10)
  2 hill giants
  2 centaur zombies
  2 minotaur zombies (Lab)
  A two-headed ogre (D:8)
  Prince Ribbit (D:8)
  A deep elf mage (D:10)
  A shadow (Lab)
  Grum (D:8)
  A hippogriff (D:9)
  4 wolves (D:8)
  A porcupine (Lair:1)
  3 water moccasins
  3 orc warriors (D:10)
  3 sky beasts
  3 ice beasts
  A wasp (D:9)
  2 black bears
  2 eyes of draining
  An eye of draining (shapeshifter) (D:9)
  4 necrophages
  4 ogres
  6 centaurs
  A big kobold (D:11)
  A crocodile (Lair:1)
  5 giant frogs
  A wyvern zombie (D:11)
  2 scorpions
  A wyvern skeleton (D:10)
  7 killer bees
  3 electric eels (D:10)
  A troll skeleton (Lab)
  3 crimson imps (D:6)
  6 hounds
  A jelly (D:8)
  2 centaur skeletons
  5 iguanas
  5 orc priests
  A quasit (D:8)
  4 giant frog skeletons
  13 worker ants
  6 orc wizards
  Robin (D:3)
  7 gnolls
  19 adders
  An ooze (D:3)
  An adder zombie (D:10)
  4 worms
  3 giant geckos
  28 orcs
  2 ball pythons
  6 giant cockroaches
  4 hobgoblins
  15 jackals
  3 quokkas
  9 bats
  2 giant gecko skeletons
  A giant gecko zombie (D:7)
  3 giant newts
  12 goblins
  A jackal zombie (D:6)
  9 kobolds
  5 rats
255 creatures vanquished.

Vanquished Creatures (others)
  A minotaur (Lab)
  A minotaur zombie (Lab)
  A shadow (D:8)
  2 hungry ghosts
  A scorpion (D:5)
  4 wights (D:8)
  A jelly (D:5)
  2 adders
  A giant cockroach (D:5)
  A giant gecko skeleton (D:5)
  A jackal skeleton (D:5)
16 creatures vanquished.

Grand Total: 271 creatures vanquished

Notes
Turn   | Place    | Note
--------------------------------------------------------------
     0 | Abyss:1  | st0uf the Demonspawn Abyssal Knight began the quest for the Orb.
     0 | Abyss:1  | Reached XP level 1. HP: 18/18 MP: 2/2
     9 | Abyss:1  | Found a corrupted altar of Lugonu.
    32 | D:1      | Escaped the Abyss
   518 | D:1      | Gained mutation: You regenerate a little health from kills. [demonic ancestry]
   518 | D:1      | Reached XP level 2. HP: 24/24 MP: 4/4
   703 | D:2      | Found a shadowy altar of Dithmenos.
   887 | D:2      | Gained mutation: You are partially covered in slimy green scales (AC +2). [demonic ancestry]
   887 | D:2      | Reached XP level 3. HP: 16/29 MP: 5/5
   973 | D:2      | Found a bloodstained altar of Trog.
   996 | D:2      | Reached ** piety under Lugonu
  1053 | D:2      | Reached skill level 4 in Invocations
  1063 | D:2      | Gained mutation: You regenerate health from kills. [demonic ancestry]
  1063 | D:2      | Reached XP level 4. HP: 18/36 MP: 7/7
  1188 | D:2      | Found a glowing silver altar of Zin.
  1915 | D:3      | Found an iron altar of Okawaru.
  2059 | D:3      | Reached XP level 5. HP: 42/42 MP: 8/8
  2072 | D:3      | Noticed Sigmund
  2322 | D:3      | Noticed Robin
  2417 | D:3      | Killed Robin
  2417 | D:3      | Reached skill level 5 in Invocations
  2781 | D:3      | Reached *** piety under Lugonu
  2826 | D:3      | Upgraded the game from 0.17.0-9-g801d43b to 0.17.0-15-g6d90897
  3297 | D:3      | Found a burning altar of Makhleb.
  3371 | D:4      | Found a staircase to the Ecumenical Temple.
  3411 | D:4      | Gained mutation: When hurt, damage is shared between your health and your magic reserves. [demonic ancestry]
  3411 | D:4      | Reached XP level 6. HP: 46/49 MP: 8/10
  3508 | D:4      | Noticed a centaur
  3518 | D:4      | Killed a centaur
  3537 | D:4      | Reached skill level 5 in Fighting
  3633 | D:4      | Reached skill level 6 in Invocations
  3690 | D:4      | Noticed an ice beast
  3713 | D:4      | Killed an ice beast
  3713 | D:4      | Reached XP level 7. HP: 27/56 MP: 5/11
  3989 | D:5      | Entered Level 5 of the Dungeon
  3989 | D:5      | Noticed Pikel
  3993 | D:5      | Banished Pikel
  3993 | D:5      | Reached skill level 7 in Invocations
  4118 | D:5      | Reached skill level 5 in Armour
  4177 | D:5      | Gained mutation: You are mostly covered in slimy green scales (AC +3). [demonic ancestry]
  4177 | D:5      | Reached XP level 8. HP: 64/64 MP: 13/13
  4334 | D:5      | You fall through a shaft!
  4491 | D:6      | Reached skill level 8 in Invocations
  4823 | D:6      | Reached **** piety under Lugonu
  4834 | D:6      | Reached skill level 9 in Invocations
  4839 | D:6      | Found a white marble altar of Elyvilon.
  5170 | D:5      | Found a stormy altar of Qazlal.
  5531 | D:7      | Reached XP level 9. HP: 48/72 MP: 11/15
  5899 | D:7      | Gained mutation: Your muscles are strong. (Str +2) [mutagenic meat]
  5900 | D:7      | Lost mutation: Your muscles are strong. (Str +2) [mutagenic meat]
  5901 | D:7      | Gained mutation: You have sharp toenails. [mutagenic meat]
  5902 | D:7      | Gained mutation: You evolve. [mutagenic meat]
  5927 | D:7      | Gained mutation: Your natural rate of healing is unusually fast. [evolution]
  6306 | D:8      | Found a staircase to the Lair.
  6371 | D:8      | Reached skill level 10 in Invocations
  6505 | D:8      | Noticed Grum
  6521 | D:8      | Reached skill level 1 in Shields
  6537 | D:8      | Killed Grum
  6586 | D:8      | Found a radiant altar of Vehumet.
  6598 | D:8      | Found a shimmering altar of Xom.
  6715 | D:8      | Noticed Prince Ribbit
  6730 | D:8      | Killed Prince Ribbit
  6787 | D:8      | Gained mutation: You regenerate magic rapidly. [demonic ancestry]
  6787 | D:8      | Reached XP level 10. HP: 79/82 MP: 17/17
  6861 | D:8      | Found an opulent altar of Gozag.
  7568 | Lair:1   | Entered Level 1 of the Lair of Beasts
  7568 | Lair:1   | Noticed a six-headed hydra
  7571 | Lair:1   | Banished a six-headed hydra
  7571 | Lair:1   | Reached skill level 11 in Invocations
  7793 | Lair:1   | Noticed dorian's ghost (journeyman OgHu)
  8088 | D:9      | Noticed BLOAX's ghost (novice VSAs)
  8149 | D:9      | Found a snail-covered altar of Cheibriados.
  8652 | D:10     | Entered Level 10 of the Dungeon
  8662 | D:10     | Noticed a hill giant
  8674 | D:10     | Killed a hill giant
  8715 | D:10     | Noticed Erica
  8942 | D:9      | Noticed Erolcha
  9001 | D:9      | Killed Erolcha
  9436 | D:10     | Reached XP level 11. HP: 90/90 MP: 19/19
  9617 | D:10     | Reached skill level 12 in Invocations
  9783 | D:10     | Killed Erica
  9783 | D:10     | Reached skill level 10 in Fighting
  9783 | D:10     | Reached skill level 5 in Shields
  9927 | D:10     | Noticed Sonja
  9944 | D:10     | Banished Sonja
 10253 | D:11     | Noticed oplop's ghost (journeyman MfIE)
 10262 | D:11     | Noticed puimuR's ghost (novice DsBe)
 10399 | D:11     | Found a staircase to the Orcish Mines.
 10410 | D:11     | Found a labyrinth entrance.
 10426 | D:11     | Gained mutation: You are completely covered in slimy green scales (AC +4, rPois). [evolution]
 10435 | Lab      | Entered a labyrinth
 10595 | Lab      | Found an exit through the horrors of the Abyss.
 10686 | Lab      | Noticed a minotaur
 10694 | Lab      | Banished a minotaur
 10763 | Lab      | Got a polished dagger
 10763 | Lab      | Got a pair of spiked boots
 10764 | Lab      | Identified the +12 dagger of the Hills {freeze, Dex+3} (You found it in a labyrinth)
 10770 | Lab      | Identified the cursed +0 pair of boots of the Dolphin {-Cast rF+ MR+++ Dex-3} (You found it in a labyrinth)
 11093 | D:11     | Noticed a hill giant
 11109 | D:11     | Killed a hill giant
 11306 | D:11     | Quit the game

Action                   |  1- 3 |  4- 6 |  7- 9 | 10-12 || total
-------------------------+-------+-------+-------+-------++-------
Melee: Club              |   139 |   445 |       |       ||   584
       Unarmed           |     1 |       |       |       ||     1
       Dagger            |       |    88 |   530 |   509 ||  1127
       Scimitar          |       |       |       |    29 ||    29
Invok: Banish            |       |     1 |     4 |    15 ||    20
       Bend Space        |       |     1 |       |       ||     1
  Use: Potion            |       |     3 |       |     8 ||    11
       Scroll            |       |       |     1 |    15 ||    16
  Eat: Chunk             |     1 |    10 |    15 |    18 ||    44
       Beef jerky        |       |       |     1 |     1 ||     2
